 Dungeon Crawl Stone Soup version 0.30.1-1-g62c8e00024 (webtiles) character file.

Game seed: 434041799955939870

164873 Amplified the Hand of Fortune (level 17, -2/145 HPs)
             Began as a Demonspawn Brigand on June 24, 2023.
             Was the Champion of Nemelex Xobeh.
             Slain by an eight-headed hydra (9 damage)
             ... called by a spriggan druid
             ... on level 4 of the Swamp on July 14, 2023.
             The game lasted 01:36:32 (26482 turns).

Amplified the Hand of Fortune (Demonspawn Brigand) Turns: 26482, Time: 01:36:34

Health: -2/145     AC: 23    Str: 13    XL:     17   Next: 26%
Magic:  32/32      EV: 24    Int: 15    God:    Nemelex Xobeh [******]
Gold:   1352       SH:  0    Dex: 19    Spells: 7/29 levels left

rFire   . . .        a - +4 dagger (flame)
rCold   . . .        (no shield)
rNeg    . . .        n - +0 swamp dragon scales
rPois   +            j - +2 helmet
rElec   .            c - +0 cloak
rCorr   .            (gloves unavailable)
SInv    .            y - +2 pair of boots
Will    +....        z - amulet of magic regeneration
Stlth   +++          A - +5 ring of evasion
HPRegen 0.44/turn    q - +4 ring of slaying
MPRegen 0.63/turn

%: no passive effects
@: no status effects
A: slimy green scales 3, ignite blood 2, powered by death 2, demonic touch 3,
devolution 1
a: Renounce Religion, Draw Escape, Draw Destruction, Draw Summoning, Triple
Draw, Deal Four, Stack Five


You were on level 4 of the Swamp.
You worshipped Nemelex Xobeh.
Nemelex Xobeh was exalted by your worship.
You visited 6 branches of the dungeon, and saw 31 of its levels.

You collected 4392 gold pieces.
You spent 3040 gold pieces at shops.

Inventory:

Hand Weapons
 a - a +4 dagger of flaming (weapon)
 r - a +3 eveningstar of electrocution
 L - a +0 triple sword of flaming
 X - the +5 great sword "Transmigrator" {freeze, Int+6 Stlth-}
   (You found it on level 3 of the Spider Nest)

   Int:       It affects your intelligence (+6).
   Stlth:     It makes you less stealthy.
Missiles
 d - 45 poisoned darts (quivered)
 e - 2 throwing nets
 H - 2 curare-tipped darts
Armour
 c - a +0 cloak (worn)
 j - a +2 helmet (worn)
 n - +0 swamp dragon scales (worn)
 p - the +1 pair of gloves of Nikim {rCorr Str+4 SInv Stlth+}
   (You found it on level 2 of the Dungeon)

   Str:       It affects your strength (+4).
   SInv:      It lets you see invisible.
   rCorr:     It protects you from acid and corrosion.
   Stlth:     It makes you more stealthy.
 s - a +0 ring mail of cold resistance
 y - a +2 pair of boots (worn)
 I - a +0 kite shield of protection
Jewellery
 q - a +4 ring of slaying (right hand)
 z - an amulet of magic regeneration (around neck)
 A - a +5 ring of evasion (left hand)
 B - a ring of positive energy
 M - a ring of see invisible
 R - a ring of resist corrosion
 W - a ring of protection from cold
 Y - a ring of willpower
Wands
 b - a wand of flame (36)
 v - a wand of light (36)
 x - a wand of polymorph (1)
 C - a wand of digging (3)
 D - a wand of roots (33)
 J - a wand of mindburst (21)
Scrolls
 g - 3 scrolls of silence
 i - 4 scrolls of poison
 m - 5 scrolls of magic mapping
 t - 4 scrolls of amnesia
 G - 3 scrolls of identify
 P - a scroll of fog
 U - a scroll of butterflies
Potions
 h - a potion of curing
 k - 6 potions of attraction
 l - 5 potions of brilliance
 o - 5 potions of might
 w - 2 potions of resistance
Miscellaneous
 E - a piece from Xom's chessboard (inert)
 F - a condenser vane (inert)


   Skills:
 * Level 16.4 Fighting
 - Level 8.0 Short Blades
 - Level 1.7 Throwing
 - Level 12.3 Armour
 - Level 14.8 Dodging
 - Level 6.1 Stealth
 * Level 6.6 Spellcasting
 - Level 2.3 Hexes
 - Level 15.6 Necromancy
 - Level 3.5 Ice Magic
 * Level 22.2 Invocations


You had 7 spell levels left.
You knew the following spells:

 Your Spells              Type           Power      Damage    Failure   Level
a - Slow                  Hex            44%        N/A       10%         1
b - Dispel Undead         Necr           51%        3d19      1%          4
c - Agony                 Necr           51%        N/A       1%          5
d - Frozen Ramparts       Ice            30%        1d5       17%         3
e - Passwall              Tmut/Erth      3%         N/A       36%         2
f - Volatile Blastmotes   Fire/Tloc      8%         2d10      58%         3
g - Fulminant Prism       Conj/Hex       4%         3d5       83%         4

Your spell library contained the following spells:

 Spells                   Type           Power      Damage    Failure   Level
 Kiss of Death            Conj/Necr      100%       2d13      1%          1
 Necrotise                Necr           100%       1d9       1%          1
 Sublimation of Blood     Necr           51%        N/A       1%          2
 Vampiric Draining        Necr           51%        2d9       1%          3
 Animate Dead             Necr           51%        N/A       1%          4
 Freeze                   Ice            60%        1d7       5%          1
 Anguish                  Hex/Necr       15%        N/A       6%          4
 Death Channel            Necr           25%        N/A       6%          6
 Magic Dart               Conj           16%        1d3       24%         1
 Sandblast                Erth           8%         2d5       24%         1
 Sting                    Tmut/Pois      16%        1d3       24%         1
 Borgnjor's Vile Clutch   Necr/Erth      14%        N/A       26%         5
 Confusing Touch          Hex            11%        N/A       28%         3
 Tukima's Dance           Hex            11%        N/A       28%         3
 Hailstorm                Conj/Ice       10%        3d5       34%         3
 Poisonous Vapours        Pois/Air       8%         N/A       36%         2
 Searing Ray              Conj           8%         2d4       36%         2
 Stone Arrow              Conj/Erth      8%         3d7       58%         3
 Cause Fear               Hex            5%         N/A       67%         4
 Animate Armour           Summ/Erth      8%         N/A       94%         4
 Iskenderun's Mystic Bla  Conj/Tloc      4%         2d3       94%         4
 Olgreb's Toxic Radiance  Pois           4%         N/A       94%         4
 Petrify                  Tmut/Erth      4%         N/A       94%         4
 Alistair's Intoxication  Tmut/Pois      2%         N/A       100%        5
 Irradiate                Conj/Tmut      2%         3d12      100%        5
 Lee's Rapid Deconstruct  Erth           2%         3d4*      100%        5
 Summon Forest            Summ/Tloc      2%         N/A       100%        5
 Eringya's Noxious Bog    Tmut/Pois      2%         N/A       100%        6
 Enfeeble                 Hex            5%         N/A       100%        7
 Haunt                    Necr/Summ      14%        N/A       100%        7
 Summon Hydra             Summ           2%         N/A       100%        7
 Infestation              Necr           25%        N/A       94%         8
 Lehudib's Crystal Spear  Conj/Erth      2%         10d2      100%        8


Dungeon Overview and Level Annotations

Branches:
Dungeon (15/15)            Temple (1/1) D:6            Lair (5/5) D:10
  Swamp (4/4) Lair:2       Spider (4/4) Lair:2        Slime (0/5) Lair:4
    Orc (2/2) D:9             Elf (0/3) Orc:2        Vaults (0/5) D:14
 Depths (0/4) D:15

Altars:
Ashenzari
Cheibriados
Dithmenos
Fedhas
Gozag
Hepliaklqana
Kikubaaqudgha
Makhleb
Nemelex Xobeh
Okawaru
Qazlal
Ru
Sif Muna
Trog
Uskayaw
Vehumet
Wu Jian
Xom
Yredelemnul

Shops:
D:2 :   D:3 (   D:5 *   D:10 :   Orc:2 ![[!!

Portals:
Bazaar: D:15

Annotations:
Spider:4 Roxanne


Innate Abilities, Weirdness & Mutations

You are completely covered in slimy green scales. (AC +4, rPois)
Your demonic aura often causes spilled blood to erupt in flames.
You regenerate health from kills.
Your touch may irresistibly damage your foes and sap their willpower.
You have hidden genetic defects.


Message History

* * * LOW HITPOINT WARNING * * *
The eight-headed hydra closely misses you.
The eight-headed hydra bites you.
* * * LOW HITPOINT WARNING * * *
The eight-headed hydra completely misses you.
The eight-headed hydra bites you but does no damage.
Unknown command.
Okay, then.
Okay, then.
Okay, then.
Okay, then.
Okay, then.
Okay, then.
Okay, then.
Okay, then.
Okay, then.
Okay, then.
Okay, then.
Casting: Agony (mildly dangerous; 1% risk of failure)
Confirm with . or Enter, or press ? or * to list all spells.
Okay, then.
Unknown command.
Unknown command.
Okay, then.
Okay, then.
Okay, then.
Aiming: Paralyse
Press: ? - help, Shift-Dir - straight line, f - eight-headed hydra
Aim: an eight-headed hydra (strong, chance to affect: 17%)
The eight-headed hydra resists with almost no effort.
The now-empty wand crumbles to dust.
The eight-headed hydra bites you!
* * * LOW HITPOINT WARNING * * *
The eight-headed hydra misses you. The eight-headed hydra bites you.
* * * LOW HITPOINT WARNING * * *
The eight-headed hydra bites you.
* * * LOW HITPOINT WARNING * * *
The eight-headed hydra completely misses you.
The eight-headed hydra bites you!
You die...
Your body glows slightly and disappears.

♣§~...♣♣.†~..~♣♣ *§#,,,,,,,~
♣♣♣..~..§.§~~~~♣ *~#***+*,,,
*...§~≈≈~~§.~§♣♣ *##,,,,+,8,
*..~≈≈≈≈≈≈~...~♣ *,,,,,*,,,
*.~≈≈≈≈≈≈≈~§§§§♣***,,,,,*,8,
*.≈≈≈~.~≈≈§..~§♣♣.#,,,,,*,~,
*~≈≈≈..~≈≈~....~~~#*,,,****,
*~≈≈≈~.~~≈~D☼♣..~~~#****~~~,
*,~≈≈≈≈≈≈~~@.ww.~~§~,*,,,***
*,~~≈≈≈≈≈~~..~~~§~~~..~~~~~*
**~,~~~~§~.~~~~~~~~~~~~~~~~.*
*,,,,.~.~~.~~~~§~...~~~.~..**
**~,,.♣♣~(..~~~~..~...^..♣***
**~,~.~.~~~.~~~~..♣.~~..♣ **
*~,~~~~.~~~.~~~~.~§.♣§~~***~
*,~~~~♣♣..^..~§~..~~~♣**,~~,
*~,,,,***,~♣.~~~./.<♣* **~,,


You could see an eight-headed hydra (strong) and 2 swamp worms.

Vanquished Creatures
  3 ghouls (Swamp:3)
  A stone giant (D:15)
  2 bunyips
  3 eleionomae
  A fire dragon (D:14)
  Josephine (Swamp:1)
  Harold (D:11)
  17 hydras
  3 centaur warriors
  An ogre mage (D:15)
  8 alligators
  A death knight (D:15)
  A jorogumo (Spider:2)
  7 two-headed ogres
  5 boulder beetles
  5 death yaks
  3 deep elf knights (D:15)
  2 goliath frogs
  7 skeletal warriors
  2 sun moths
  5 spriggan druids
  Lodul (D:11)
  4 orb spiders
  9 swamp dragons
  17 bog bodies
  6 orc knights
  A deep elf pyromancer (D:13)
  A deep elf archer (D:15)
  An orc sorcerer (Orc:1)
  2 steelbarb worms
  10 wolf spiders
  6 ugly things
  4 cyclopes
  A manticore (D:15)
  3 will-o-the-wisps
  A moth of wrath (Spider:2)
  18 elephants
  Joseph (D:8)
  Maurice (D:8)
  A water nymph (D:14)
  2 demonic crawlers (Spider:3)
  The ghost of Peloso the Covered, a novice MiFi (D:4)
  7 spectral spriggans (Swamp:3)
  3 black mambas
  8 cane toads
  3 torpor snails
  A gargoyle (D:13)
  A rime drake (Lair:3)
  2 unseen horrors
  3 kobold demonologists
  4 komodo dragons
  An efreet (D:14)
  2 freezing wraiths
  A tengu conjurer (D:14)
  8 trolls
  A polar bear (shapeshifter) (Orc:1)
  A wind drake (Lair:4)
  2 bloated husks
  6 polar bears
  4 meliai
  7 tarantellas
  8 hornets
  7 tyrant leeches
  7 blink frogs
  9 dream sheep
  A raiju (shapeshifter) (D:15)
  8 culicivoras
  12 jumping spiders
  12 spriggans
  A vampire (D:12)
  4 wraiths
  4 slime creatures
  42 yaks
  A shadow (D:12)
  A golden eye (Lair:5)
  5 wyverns
  A hog (Lair:5)
  3 basilisks
  15 redbacks
  4 steam dragons
  6 vampire mosquitoes
  5 wargs
  7 swamp worms
  8 water moccasins
  An acid dragon (D:12)
  9 swamp drakes
  2 sky beasts
  3 black bears
  28 orc warriors
  An ice beast (D:7)
  A tengu (Orc:1)
  29 wolves
  3 centaurs
  An ogre (shapeshifter) (D:14)
  13 ogres
  4 boggarts (Lair:5)
  5 phantoms
  A kobold brigand (D:12)
  Blork the orc (D:5)
  12 bullfrogs
  5 scorpions
  A gnoll sergeant (D:11)
  6 wights
  11 killer bees
  6 howler monkeys
  3 jellies
  4 quasits (D:4)
  8 orc priests
  5 hounds
  A gnoll bouda (D:7)
  3 sleepcaps
  2 iguanas (D:6)
  13 orc wizards
  11 gnolls
  10 adders
  A shadow imp (D:7)
  A white imp (D:5)
  5 worms
  3 dart slugs
  84 orcs
  5 bats
  13 endoplasms
  6 giant cockroaches
  6 goblins
  3 hobgoblins
  4 jackals
  8 kobolds
  4 quokkas
  4 ball pythons
  2 frilled lizards
  12 rats
770 creatures vanquished.

Vanquished Creatures (collateral kills)
  Jorgrun (Orc:2)
  A tentacled monstrosity (Swamp:2)
  An emperor scorpion (Spider:1)
  Louise (Swamp:3)
  A bunyip (Swamp:3)
  An entropy weaver (Lair:5)
  A hydra (Swamp:3)
  A radroach (Spider:1)
  An alligator (Swamp:2)
  2 ghost crabs
  The ghost of SharpKris the Blocker, a novice GnFi of the Shining One (Lair:1)
  2 death yaks (Lair:4)
  2 skysharks
  A skeletal warrior (D:15)
  A pharaoh ant (Spider:1)
  A bog body (Swamp:1)
  A swamp dragon (Swamp:1)
  A steelbarb worm (Spider:1)
  8 wolf spiders
  A will-o-the-wisp (Swamp:2)
  2 elephants (Lair:4)
  A moth of wrath (Spider:2)
  A spectral spriggan (Swamp:3)
  2 rime drakes (Lair:5)
  A polar bear (Lair:5)
  5 tarantellas
  A tyrant leech (Swamp:2)
  2 hornets
  3 jumping spiders
  3 culicivoras (Spider:1)
  5 spriggans
  A wraith (Swamp:1)
  3 redbacks (Spider:1)
  2 wyverns
  5 yaks (Lair:4)
  2 vampire mosquitoes (Swamp:1)
  A warg (Orc:2)
  3 swamp worms
  A water moccasin (Lair:5)
  2 hell hounds (Lair:5)
  5 orc warriors (Orc:2)
  2 wolves (Lair:5)
  2 hell rats (Lair:5)
  4 orcs (Orc:2)
  An endoplasm (Orc:1)
90 creatures vanquished.

Vanquished Creatures (others)
  5 bloated husks
  A wraith (Swamp:1)
  A swamp worm (Swamp:1)
  A swamp drake (Swamp:4)
  8 foxfires
16 creatures vanquished.

Grand Total: 876 creatures vanquished

Notes
Turn   | Place    | Note
-------+----------+-------------------------------------------
     0 | D:1      | Amplified the Demonspawn Brigand began the quest for the
                  | Orb.
     0 | D:1      | Reached XP level 1. HP: 16/16 MP: 1/1
     1 | D:1      | Found a runed translucent door.
    80 | D:1      | Reached skill level 1 in Dodging
   259 | D:1      | Gained mutation: You are partially covered in slimy green
                  | scales. (AC +2) [demonic ancestry]
   259 | D:1      | Reached XP level 2. HP: 22/22 MP: 2/2
   978 | D:1      | Gained mutation: You regenerate a little health from kills.
                  | [demonic ancestry]
   978 | D:1      | Reached XP level 3. HP: 11/28 MP: 3/3
  1134 | D:2      | Learned a level 1 spell: Slow
  1367 | D:2      | Found a faded altar of an unknown god.
  1368 | D:2      | Noticed a great orb of eyes
  1397 | D:2      | Noticed a golden eye
  1419 | D:2      | Noticed a golden eye
  1420 | D:2      | Noticed an eye of devastation
  1447 | D:2      | Gained mutation: You regenerate health from kills. [demonic
                  | ancestry]
  1447 | D:2      | Reached XP level 4. HP: 34/34 MP: 4/4
  1573 | D:2      | Identified the +1 pair of gloves of Nikim {rCorr Str+4 SInv
                  | Stlth+}
  1705 | D:2      | Found Gatsay's Book Boutique.
  2208 | D:3      | Reached skill level 1 in Hexes
  2356 | D:3      | Found Jyrenaeq's Antique Weapon Emporium.
  2598 | D:4      | Noticed a scorpion
  2604 | D:4      | Noticed a phantom
  2607 | D:4      | Killed a scorpion
  2608 | D:4      | Gained mutation: Your demonic aura sometimes causes spilled
                  | blood to erupt in flames. [demonic ancestry]
  2608 | D:4      | Reached XP level 5. HP: 41/41 MP: 5/5
  2767 | D:4      | Killed a phantom
  2768 | D:4      | Gained mutation: Your touch may inflict minor irresistible
                  | damage on your foes. [demonic ancestry]
  2768 | D:4      | Reached XP level 6. HP: 47/47 MP: 6/6
  2780 | D:4      | Noticed a steam dragon
  2786 | D:4      | Killed a steam dragon
  2822 | D:4      | Found a transporter.
  2826 | D:4      | Noticed Peloso's ghost (novice MiFi)
  2966 | D:4      | Found a transporter.
  2983 | D:4      | Identified a scroll of acquirement
  2983 | D:4      | Acquired a manual of Necromancy
  3187 | D:5      | Entered Level 5 of the Dungeon
  3223 | D:5      | Reached skill level 1 in Necromancy
  3223 | D:5      | Gained mutation: Your demonic aura often causes spilled
                  | blood to erupt in flames. [demonic ancestry]
  3223 | D:5      | Reached XP level 7. HP: 53/53 MP: 4/7
  3232 | D:5      | Reached skill level 5 in Stealth
  3407 | D:5      | Found a snail-covered altar of Cheibriados.
  3510 | D:5      | Noticed Blork the orc
  3648 | D:5      | Found Ruxaor's Gadget Gallery.
  3749 | D:5      | Reached XP level 8. HP: 61/61 MP: 4/8
  3873 | D:5      | Killed Blork the orc
  4197 | D:6      | Reached skill level 5 in Fighting
  4269 | D:6      | Reached skill level 5 in Necromancy
  4445 | D:6      | Found a staircase to the Ecumenical Temple.
  4566 | Temple   | Entered the Ecumenical Temple
  4579 | Temple   | Became a worshipper of Nemelex Xobeh the Trickster
  4636 | D:6      | Reached skill level 5 in Short Blades
  4636 | D:6      | Reached skill level 1 in Invocations
  4847 | D:6      | Reached skill level 2 in Invocations
  4856 | D:6      | Gained mutation: Your touch may inflict irresistible damage
                  | on your foes. [demonic ancestry]
  4856 | D:6      | Reached XP level 9. HP: 68/68 MP: 10/10
  4962 | D:7      | Found a shadowy altar of Dithmenos.
  5007 | D:7      | Reached skill level 3 in Invocations
  5024 | D:7      | Reached * piety under Nemelex Xobeh
  5179 | D:7      | Received a gift from Nemelex Xobeh
  5303 | D:7      | Reached skill level 4 in Invocations
  5640 | D:8      | Found a hide-covered altar of Uskayaw.
  5678 | D:8      | Noticed a manticore
  5722 | D:8      | Reached skill level 5 in Invocations
  5895 | D:8      | Reached ** piety under Nemelex Xobeh
  5911 | D:8      | Noticed Joseph
  5926 | D:8      | Killed Joseph
  5927 | D:8      | Reached skill level 6 in Invocations
  6012 | D:8      | Noticed Maurice
  6014 | D:8      | Killed Maurice
  6015 | D:8      | Reached skill level 10 in Necromancy
  6015 | D:8      | Reached XP level 10. HP: 74/74 MP: 13/15
  6098 | D:8      | Received a gift from Nemelex Xobeh
  6359 | D:9      | Found a radiant altar of Vehumet.
  6480 | D:9      | Reached skill level 7 in Invocations
  6498 | D:9      | Noticed a two-headed ogre
  6509 | D:9      | Killed a two-headed ogre
  6522 | D:9      | You fall into a shaft and drop 2 floors!
  6566 | D:11     | Reached skill level 8 in Invocations
  6623 | D:11     | Noticed a two-headed ogre
  6630 | D:11     | Killed a two-headed ogre
  6644 | D:11     | Reached skill level 9 in Invocations
  6812 | D:11     | Received a gift from Nemelex Xobeh
  6915 | D:11     | Noticed Harold
  6926 | D:11     | Killed Harold
  6927 | D:11     | Reached XP level 11. HP: 71/81 MP: 18/18
  7012 | D:11     | Noticed Lodul
  7027 | D:11     | Killed Lodul
  7028 | D:11     | Reached skill level 10 in Invocations
  7354 | D:10     | Entered Level 10 of the Dungeon
  7432 | D:10     | Found Exuasaor's Self-Improvement Boutique.
  7490 | D:10     | Reached *** piety under Nemelex Xobeh
  7587 | D:10     | Found a staircase to the Lair.
  8085 | D:9      | Received a gift from Nemelex Xobeh
  8107 | D:9      | Found a blossoming altar of Fedhas.
  8236 | D:9      | Found a staircase to the Orcish Mines.
  8738 | D:4      | Reached skill level 11 in Invocations
  8745 | D:4      | Killed Peloso's ghost
  8832 | D:2      | Bought a manual of Invocations for 960 gold pieces
  9156 | D:12     | Noticed a boulder beetle
  9166 | D:12     | Killed a boulder beetle
  9264 | D:12     | Received a gift from Nemelex Xobeh
  9281 | D:12     | Reached skill level 12 in Invocations
  9382 | D:12     | Reached skill level 15 in Necromancy
  9548 | D:12     | Reached **** piety under Nemelex Xobeh
  9789 | Lair:1   | Entered Level 1 of the Lair of Beasts
  9792 | Lair:1   | Reached skill level 13 in Invocations
  9812 | D:10     | Reached XP level 12. HP: 78/94 MP: 21/21
 10005 | Lair:1   | Reached skill level 14 in Invocations
 10113 | Lair:1   | Noticed SharpKris's ghost (novice GnFi)
 10155 | Lair:1   | Found a runed translucent gate.
 10156 | Lair:1   | Found a runed translucent gate.
 10163 | Lair:1   | Found a runed translucent gate.
 10374 | Lair:2   | Noticed a death yak
 10374 | Lair:2   | Noticed a death yak
 10374 | Lair:2   | Noticed a death yak
 10374 | Lair:2   | Noticed a death yak
 10374 | Lair:2   | Noticed a death yak
 10437 | Lair:2   | Received a gift from Nemelex Xobeh
 10535 | Lair:2   | a death yak changed into a four-headed hydra
 10535 | Lair:2   | Noticed a four-headed hydra
 10538 | Lair:2   | Killed a death yak
 10543 | Lair:2   | Killed a four-headed hydra
 10544 | Lair:2   | Reached skill level 5 in Dodging
 10555 | Lair:2   | Killed a death yak
 10556 | Lair:2   | Reached skill level 15 in Invocations
 10559 | Lair:2   | Killed a death yak
 10564 | Lair:2   | Killed a death yak
 10749 | Lair:2   | Found a staircase to the Swamp.
 10822 | Lair:2   | Reached skill level 10 in Fighting
 10860 | Lair:2   | Found a hole to the Spider Nest.
 10888 | Lair:2   | Reached skill level 16 in Invocations
 11301 | Lair:3   | Received a gift from Nemelex Xobeh
 11480 | Lair:3   | Reached XP level 13. HP: 90/104 MP: 25/25
 11486 | Lair:3   | Reached ***** piety under Nemelex Xobeh
 11488 | Lair:3   | Reached skill level 17 in Invocations
 11575 | Lair:3   | Received a gift from Nemelex Xobeh
 11979 | Lair:4   | Reached skill level 18 in Invocations
 12185 | Lair:4   | Received a gift from Nemelex Xobeh
 12257 | Lair:4   | Paralysed by a hornet for 3 turns
 12470 | Lair:4   | Received a gift from Nemelex Xobeh
 12648 | Lair:4   | Found a staircase to the Slime Pits.
 12917 | Lair:5   | Entered Level 5 of the Lair of Beasts
 12919 | Lair:5   | Reached skill level 19 in Invocations
 13070 | Lair:5   | Reached skill level 20 in Invocations
 13073 | Lair:5   | Received a gift from Nemelex Xobeh
 13081 | Lair:5   | Reached XP level 14. HP: 115/115 MP: 28/28
 13187 | Lair:5   | Got Inoid's Textbook on the Beguiling Body
 13226 | Lair:5   | Paralysed by a hornet for 1 turns
 13591 | Lair:5   | Received a gift from Nemelex Xobeh
 13962 | Orc:1    | Entered Level 1 of the Orcish Mines
 14118 | Orc:2    | Entered Level 2 of the Orcish Mines
 14262 | D:13     | Reached ****** piety under Nemelex Xobeh
 14274 | D:13     | Reached skill level 21 in Invocations
 14346 | D:14     | Received a gift from Nemelex Xobeh
 14370 | D:15     | Entered Level 15 of the Dungeon
 14371 | D:15     | Acquired 1056 gold pieces
 14534 | D:10     | Bought a manual of Dodging for 1040 gold pieces
 14734 | Orc:2    | Received a gift from Nemelex Xobeh
 14837 | Orc:2    | Reached skill level 1 in Armour
 14837 | Orc:2    | Reached skill level 10 in Dodging
 14865 | Orc:2    | Found Tauhuv's Distillery.
 14865 | Orc:2    | Found Doecaor's Distillery.
 14980 | Orc:2    | Found Inob Mat's Distillery.
 15026 | Orc:2    | Found a staircase to the Elven Halls.
 15045 | Orc:2    | Found a shimmering altar of Xom.
 15051 | Orc:2    | Noticed Jorgrun
 15070 | Orc:2    | Killed Jorgrun
 15159 | Orc:2    | Received a gift from Nemelex Xobeh
 15415 | Orc:2    | Found Pyskouh's Armour Emporium.
 15415 | Orc:2    | Found Jylohit's Armour Boutique.
 15630 | Orc:1    | Found a runed translucent door.
 15955 | D:10     | Bought a manual of Armour for 1040 gold pieces
 16127 | D:13     | Received a gift from Nemelex Xobeh
 16649 | D:14     | Found a gate to the Vaults.
 16695 | D:14     | Received a gift from Nemelex Xobeh
 16875 | D:14     | Reached skill level 5 in Armour
 17165 | D:14     | Received a gift from Nemelex Xobeh
 17179 | D:14     | Gained mutation: You are mostly covered in slimy green
                  | scales. (AC +3) [demonic ancestry]
 17179 | D:14     | Reached XP level 15. HP: 111/125 MP: 29/29
 17539 | D:15     | Found a gateway to a bazaar.
 17689 | D:15     | Received a gift from Nemelex Xobeh
 17693 | D:15     | Found a staircase to the Depths.
 18195 | D:15     | Found an ornate altar of the Wu Jian Council.
 18303 | D:15     | Upgraded the game from 0.30.0-29-ga12c61a403 to 0.30.1
 18479 | Lair:1   | Killed SharpKris's ghost
 18570 | Swamp:1  | Entered Level 1 of the Swamp
 18800 | Spider:1 | Entered Level 1 of the Spider Nest
 18801 | Spider:1 | Received a gift from Nemelex Xobeh
 18821 | Spider:1 | Learned a level 4 spell: Dispel Undead
 18941 | Spider:1 | Learned a level 5 spell: Agony
 19092 | Spider:1 | Noticed an emperor scorpion
 19117 | Spider:1 | Killed an emperor scorpion
 19148 | Spider:1 | Learned a level 3 spell: Frozen Ramparts
 19826 | Spider:2 | Reached skill level 1 in Ice Magic
 19912 | Spider:2 | Reached skill level 10 in Armour
 20496 | Spider:2 | Received a gift from Nemelex Xobeh
 20716 | Spider:4 | Entered Level 4 of the Spider Nest
 20803 | Spider:3 | Gained mutation: You are completely covered in slimy green
                  | scales. (AC +4, rPois) [demonic ancestry]
 20803 | Spider:3 | Reached XP level 16. HP: 134/134 MP: 19/30
 21251 | Spider:3 | Received a gift from Nemelex Xobeh
 21380 | Spider:3 | Identified the +5 great sword "Transmigrator" {freeze,
                  | Int+6 Stlth-}
 21678 | Spider:4 | Noticed Roxanne
 21809 | Spider:3 | Learned a level 2 spell: Passwall
 21993 | Lair:2   | Reached skill level 15 in Fighting
 22147 | Swamp:1  | Noticed Josephine
 22166 | Swamp:1  | Killed Josephine
 22167 | Swamp:1  | Reached skill level 1 in Spellcasting
 22181 | Swamp:1  | Received a gift from Nemelex Xobeh
 22872 | Swamp:2  | Noticed a tentacled monstrosity
 22925 | Swamp:2  | Killed a tentacled monstrosity
 22949 | Swamp:2  | Received a gift from Nemelex Xobeh
 23726 | Swamp:3  | Noticed Louise
 23733 | Swamp:3  | Killed Louise
 23989 | Swamp:3  | Reached skill level 5 in Spellcasting
 25016 | Swamp:4  | Entered Level 4 of the Swamp
 25016 | Swamp:4  | Noticed a thorn hunter
 25273 | Swamp:4  | Gained mutation: Your touch may irresistibly damage your
                  | foes and sap their willpower. [demonic ancestry]
 25273 | Swamp:4  | Reached XP level 17. HP: 139/144 MP: 31/31
 25394 | Swamp:4  | Learned a level 3 spell: Volatile Blastmotes
 25495 | Swamp:4  | Reached skill level 22 in Invocations
 25705 | Swamp:4  | Gained mutation: Your system is resistant to poisons.
                  | (rPois) [potion of mutation]
 25705 | Swamp:4  | Gained mutation: You are clumsy. (Dex -2) [potion of
                  | mutation]
 25705 | Swamp:4  | Lost mutation: You are clumsy. (Dex -2) [potion of
                  | mutation]
 25705 | Swamp:4  | Gained mutation: You possess an exceptional clarity of
                  | mind. [potion of mutation]
 25750 | Swamp:4  | Learned a level 7 spell: Haunt
 25756 | Swamp:4  | Learned a level 4 spell: Fulminant Prism
 25860 | Swamp:4  | Gained mutation: You are vulnerable to cold. (rC-)
                  | [mutagenic glow]
 25869 | Swamp:4  | Lost mutation: You possess an exceptional clarity of mind.
                  | [mutagenic glow]
 25870 | Swamp:4  | Lost mutation: Your system is resistant to poisons. (rPois)
                  | [potion of mutation]
 25870 | Swamp:4  | Lost mutation: You are vulnerable to cold. (rC-) [potion of
                  | mutation]
 25870 | Swamp:4  | Gained mutation: You have sharp toenails. [potion of
                  | mutation]
 25870 | Swamp:4  | Gained mutation: Your muscles are strong. (Str +4, Int/Dex
                  | -1) [potion of mutation]
 25976 | Swamp:4  | Gained mutation: Your body sometimes deteriorates upon
                  | taking damage. [mutagenic glow]
 26043 | Swamp:4  | Lost mutation: You have sharp toenails. [potion of
                  | mutation]
 26043 | Swamp:4  | Lost mutation: Your muscles are strong. (Str +4, Int/Dex
                  | -1) [potion of mutation]
 26043 | Swamp:4  | Lost mutation: Your body sometimes deteriorates upon taking
                  | damage. [potion of mutation]
 26043 | Swamp:4  | Gained mutation: Your spells are a little harder to cast,
                  | but a little more powerful. [potion of mutation]
 26043 | Swamp:4  | Gained mutation: You occasionally lose the ability to read
                  | scrolls when taking damage. [potion of mutation]
 26044 | Swamp:4  | Lost mutation: Your spells are a little harder to cast, but
                  | a little more powerful. [potion of mutation]
 26044 | Swamp:4  | Lost mutation: You occasionally lose the ability to read
                  | scrolls when taking damage. [potion of mutation]
 26044 | Swamp:4  | Gained mutation: You are weak. (Str -2) [potion of
                  | mutation]
 26044 | Swamp:4  | Gained mutation: You have a pair of small horns on your
                  | head. [potion of mutation]
 26044 | Swamp:4  | Gained mutation: You have an increased reservoir of magic.
                  | (+10% MP) [potion of mutation]
 26045 | Swamp:4  | Lost mutation: You are weak. (Str -2) [potion of mutation]
 26045 | Swamp:4  | Lost mutation: You have a pair of small horns on your head.
                  | [potion of mutation]
 26045 | Swamp:4  | Lost mutation: You have an increased reservoir of magic.
                  | (+10% MP) [potion of mutation]
 26045 | Swamp:4  | Gained mutation: Your mind is acute. (Int +4, Str/Dex -1)
                  | [potion of mutation]
 26046 | Swamp:4  | Lost mutation: Your mind is acute. (Int +4, Str/Dex -1)
                  | [potion of mutation]
 26046 | Swamp:4  | Gained mutation: You have hidden genetic defects. [potion
                  | of mutation]
 26141 | Swamp:4  | Upgraded the game from 0.30.1 to 0.30.1-1-g62c8e00024
 26482 | Swamp:4  | HP: 7/145 [eight-headed hydra[a spriggan druid] (6)]
 26482 | Swamp:4  | Slain by an eight-headed hydra

Illustrated notes

Levels and vault maps discovered:
D:1:      dpeg_arrival_caged_fury, layout_loops_ring
D:2:      layout_basic, serial_shops, nicolae_shop_back_alley_shop,
          hellmonk_ecumenical_altar_watching_god
D:3:      layout_loops_cross, serial_shops, nicolae_lakefront_shop,
          grunt_ministairs_4
D:4:      layout_loops_ring, gammafunk_ghost_stat_death, minmay_misc_feat_tiny
D:5:      layout_basic, old_standard_altar, nicolae_shop_gadgets,
          uniq_blork_the_orc
D:6:      layout_loops_cross, minmay_temple_entry_wispy
D:7:      layout_basic, nicolae_dithmenos_shadow_blocks, serial_park_tiny_pond,
          st_stairs_9
D:8:      layout_loops_ring, eat_drink_and_be_merry_uskayaw,
          lightli_corner_chamber, uniq_maurice, uniq_joseph
D:9:      layout_long_grid, mainiacjoe_overflow_catch_the_wave,
          minmay_orc_entry_temple_small
D:10:     layout_loops_ring, dpeg_oklobed_lair, nicolae_shop_self_help
D:11:     layout_roguey, hellmonk_bongcloud_opening, uniq_harold, uniq_lodul
D:12:     layout_roguey, corner_web_ring
D:13:     layout_rooms
D:14:     layout_roguey, david_vaults_1, grunt_decor_one_mirror,
          grunt_ministairs_3
D:15:     grunt_enter_depths_giant_problem, layout_grid_maze,
          nzn_wu_jian_council_hall, serial_shops, bzr_entry_dummy, st_stairs_9
Temple:   sentei_temple_godly_chess
Lair:1:   layout_cave_shapes, gammafunk_ghost_split, lemuel_fruit_tree
Lair:2:   layout_cave_pods, skrybe_swamp_entry_bodies, dummy_spider_entry
Lair:3:   layout_cave_shapes
Lair:4:   layout_regular_city, dpeg_slime_entry_corner
Lair:5:   minmay_lair_end_enchanted_forest, layout_cave_shapes
Swamp:1:  layout_basic_swamp, evilmike_swamp_ruin_rubble_2,
          infiniplex_staircase_pool, uniq_josephine
Swamp:2:  layout_basic_swamp, nicolae_swamp_godswood
Swamp:3:  nicolae_swamp_flooded_prison, layout_basic_swamp,
          evilmike_swamp_ruin_rubble_1, nzn_swamp_stair_ambush, uniq_louise
Swamp:4:  grunt_swamp_rune_castle, layout_basic_swamp, swamp_pool3,
          nicolae_swamp_tree_designs, infiniplex_staircase_pool_2
Spider:1: layout_spider_delve
Spider:2: layout_spider_delve
Spider:3: nicolae_spider_mines_1
Spider:4: guppyfry_spider_rune, hangedman_spider_tarantella_strand,
          uniq_roxanne, uniq_bai_suzhen
Orc:1:    layout_diamond_mine, lightli_church_of_beogh
Orc:2:    st_orc_town, layout_caves, basic_altar, serial_shops,
          nicolae_shop_advertising_works [nicolae_subvault_shop_adworks],
          uniq_jorgrun

Skill      XL: |  1  2  3  4  5  6  7  8  9 10 11 12 13 14 15 16 17 |
---------------+----------------------------------------------------+-----
Dodging        | 1 2 3 4 6 8 11 14 | 14.8
Short Blades   | 2 3 4 5 6 8 |  8.0
Stealth        | 4 5 6 |  6.1
Hexes          | 1 2 |  2.3
Fighting       | 3 4 5 6 8 10 12 13 14 16 | 16.4
Necromancy     | 1 4 6 10 12 15 | 15.6
Invocations    | 2 6 9 13 16 20 21 22 | 22.2
Armour         | 5 10 12 | 12.3
Ice Magic      | 2 3 |  3.5
Spellcasting   | 5 6 |  6.6
Throwing       | |  1.7

Action                     |  1- 3 |  4- 6 |  7- 9 | 10-12 | 13-15 | 16-18 || total
---------------------------+-------+-------+-------+-------+-------+-------++-------
  Melee: Dagger            |   116 |    96 |   244 |   447 |   959 |   575 ||  2437
         Punch             |       |     1 |     5 |    11 |    20 |    16 ||    53
         Touch             |       |     5 |    47 |   119 |   237 |   164 ||   572
         Eveningstar       |       |       |       |       |       |    66 ||    66
  Throw: Dart              |     5 |     7 |     6 |     5 |       |     5 ||    28
         Throwing net      |       |       |       |     1 |       |       ||     1
   Cast: Slow              |       |     2 |    20 |     9 |     6 |     1 ||    38
         Agony             |       |       |       |       |    41 |    33 ||    74
         Frozen Ramparts   |       |       |       |       |     1 |    16 ||    17
         Dispel Undead     |       |       |       |       |       |    26 ||    26
         Passwall          |       |       |       |       |       |     4 ||     4
         Volatile Blastmot |       |       |       |       |       |     7 ||     7
 Invoke: Draw Destruction  |       |       |       |    33 |    73 |    14 ||   120
         Draw Summoning    |       |       |       |     1 |    23 |    13 ||    37
         Draw Escape       |       |       |       |     1 |       |    13 ||    14
         Deal Four         |       |       |       |       |     1 |       ||     1
  Evoke: Wand              |       |       |       |    11 |     3 |    40 ||    54
         Condenser vane    |       |       |       |     2 |     3 |     2 ||     7
         Piece from Xom's  |       |       |       |     1 |       |    17 ||    18
    Use: Scroll            |     7 |     5 |     7 |     8 |     9 |    13 ||    49
         Potion            |     2 |     1 |     2 |     2 |     3 |    28 ||    38
   Stab: Sleeping          |     7 |    11 |    15 |     6 |    17 |     8 ||    64
         Paralysed         |       |       |       |     2 |       |     2 ||     4
         Distracted        |       |       |       |     1 |     4 |     6 ||    11
         Invisible         |       |       |       |       |       |     3 ||     3
 Armour: Robe              |    38 |    21 |       |       |       |       ||    59
         Ring mail         |       |    13 |    51 |   150 |   219 |   186 ||   619
         Skin              |       |       |    16 |       |       |       ||    16
         Swamp dragon scal |       |       |       |       |       |   109 ||   109
  Dodge: Dodged            |    44 |    44 |    83 |   340 |   799 |   897 ||  2207
